[gd_scene load_steps=9 format=3 uid="uid://d2sebhc7fawqf"]

[ext_resource type="PackedScene" uid="uid://duj2wiwwok7np" path="res://gameplay/threat/threat.tscn" id="1_ci3ry"]
[ext_resource type="Texture2D" uid="uid://cwjeu2rrpv5ps" path="res://assets/inimigos/2023-ludum-dare-53-sapo.png" id="2_fhfmj"]
[ext_resource type="Script" path="res://gameplay/threat/frog/tongue.gd" id="3_6y827"]
[ext_resource type="AudioStream" uid="uid://scrvb7qhfxq0" path="res://assets/sfx/frog.wav" id="4_0525k"]

[sub_resource type="AtlasTexture" id="AtlasTexture_263ns"]
atlas = ExtResource("2_fhfmj")
region = Rect2(0, 0, 590, 591)

[sub_resource type="AtlasTexture" id="AtlasTexture_yholj"]
atlas = ExtResource("2_fhfmj")
region = Rect2(590, 0, 590, 591)

[sub_resource type="SpriteFrames" id="SpriteFrames_brrs0"]
animations = [{
"frames": [{
"duration": 1.0,
"texture": SubResource("AtlasTexture_263ns")
}, {
"duration": 1.0,
"texture": SubResource("AtlasTexture_yholj")
}],
"loop": true,
"name": &"default",
"speed": 2.0
}]

[sub_resource type="CapsuleShape2D" id="CapsuleShape2D_q5ouo"]
radius = 20.8512
height = 65.9848

[node name="Frog" instance=ExtResource("1_ci3ry")]
hp_max = 100

[node name="AnimatedSprite2D" type="AnimatedSprite2D" parent="." index="1"]
scale = Vector2(0.5, 0.5)
sprite_frames = SubResource("SpriteFrames_brrs0")
autoplay = "default"
offset = Vector2(0, -250)

[node name="Hurtbux" parent="." index="2"]
custom_minimum_size = Vector2(200, 200)
anchors_preset = -1
offset_top = -130.0

[node name="HPBar" parent="." index="3"]
offset_top = 0.0
offset_bottom = 4.0

[node name="TonguePeriod" type="Timer" parent="." index="4"]
wait_time = 10.0
script = ExtResource("3_6y827")

[node name="TongueSFX" type="AudioStreamPlayer2D" parent="TonguePeriod" index="0"]
stream = ExtResource("4_0525k")
bus = &"SFX"

[node name="StingArea" type="Area2D" parent="." index="5" groups=["STING"]]
position = Vector2(14, -38)

[node name="CollisionShape2D" type="CollisionShape2D" parent="StingArea" index="0"]
position = Vector2(3, -54)
scale = Vector2(3.78875, 3.52091)
shape = SubResource("CapsuleShape2D_q5ouo")

[connection signal="arrived" from="." to="TonguePeriod" method="_on_arrived"]
[connection signal="timeout" from="TonguePeriod" to="TonguePeriod" method="_on_timeout"]
